 Dungeon Crawl Stone Soup version 0.18.1-48-g4cf74bf (webtiles) character file.

539 fanaticazov the Magician (level 7, -3/46 HPs)
             Began as a Mummy Wizard on July 23, 2016.
             Slain by Pikel
             ... wielding a +0 whip of flaming
              (4 damage)
             ... on level 6 of the Dungeon on July 25, 2016.
             The game lasted 00:51:39 (8448 turns).

fanaticazov the Magician (Mummy Wizard)             Turns: 8448, Time: 00:51:39

Health: -3/46      AC:  6    Str: 10    XL:     7   Next: 5%
Magic:  2/13       EV: 10    Int: 19    God:
Gold:   275        SH:  0    Dex: 11    Spells: 4 memorised, 6 levels left

rFire  x . .     SeeInvis .     a - +5 flail
rCold  + . .     Gourm    .     o - +0 ring mail
rNeg   + + +     Faith    .     (no shield)
rPois  ∞         Spirit   .     s - +0 helmet
rElec  .         Dismiss  .     (no cloak)
rCorr  .         Reflect  .     (no gloves)
SustAt .         Harm     .     (no boots)
MR     .....                    (no amulet)
Stlth  +.........               (no ring)
                                (no ring)

@: not resistant to hostile enchantments, very unstealthy
A: no food or potions, fire vulnerability, cold resistance 1, negative energy
resistance 3, torment resistance, unbreathing
a: no special abilities


You were on level 6 of the Dungeon.
You were not hungry.

You visited 1 branch of the dungeon, and saw 6 of its levels.

You collected 275 gold pieces.

Inventory:

Hand Weapons
 a - a +5 flail (weapon)
 b - a +0 hunting sling of freezing
 q - a +0 hunting sling
 t - a +0 halberd
 A - a +0 rapier
Missiles
 h - 116 stones (quivered)
 j - 34 poisoned needles
 u - a throwing net
 z - 26 sling bullets
Armour
 f - a +0 leather armour
 m - a +0 hat
 o - a +0 ring mail (worn)
 p - a +0 robe
 s - a +0 helmet (worn)
Jewellery
 n - an uncursed amulet of harm
 v - an uncursed ring of ice
 w - an uncursed ring of teleportation
Wands
 y - a wand of teleportation (3/9)
Scrolls
 d - a scroll of identify
 e - 3 scrolls of random uselessness
 g - a scroll of enchant armour
 i - a scroll of remove curse
 k - 2 scrolls of noise
 l - 2 scrolls of fear
 r - 2 scrolls of teleportation
 x - a scroll of amnesia
 B - a scroll of magic mapping
Books
 c - a book of Minor Magic

   Spells                             Type                      Level
   a - Magic Dart                     Conjuration                  1
   b - Blink                          Translocation                2
   c - Call Imp                       Summoning                    2
   d - Repel Missiles                 Charms/Air                   2
   e - Slow                           Hexes                        2
   f - Conjure Flame                  Conjuration/Fire             3
   g - Mephitic Cloud                 Conjuration/Poison/Air       3
 C - a book of Unlife

   Spells                             Type                      Level
   a - Recall                         Summoning/Translocation      3
   b - Animate Dead                   Necromancy                   4
   c - Control Undead                 Necromancy                   4
   d - Cigotuvi's Embrace             Necromancy                   5
   e - Death Channel                  Necromancy                   6
   f - Simulacrum                     Ice/Necromancy               6


   Skills:
 - Level 1.5 Dodging
 - Level 1.5 Stealth
 + Level 4.4 Spellcasting
 + Level 2.7 Conjurations
 + Level 0.7 Summonings
 + Level 0.7 Translocations
 + Level 3.0 Air Magic
 + Level 3.0 Poison Magic


You had 6 spell levels left.
You knew the following spells:

 Your Spells              Type           Power        Failure   Level  Hunger
a - Magic Dart            Conj           ##..         14%         1    N/A
b - Blink                 Tloc           N/A          43%         2    N/A
c - Call Imp              Summ           #.......     43%         2    N/A
d - Mephitic Cloud        Conj/Pois/Air  ###.....     30%         3    N/A

Dungeon Overview and Level Annotations

Branches:
Dungeon (6/15)
 Temple: D:4-7

Altars:
Pakellas
Xom

Annotations:
D:3 Sigmund; Typee's ghost, weakling DrTm
D:4 Typee's ghost, amateur DrTm
D:6 Pikel


Innate Abilities, Weirdness & Mutations

You do not eat or drink.
Your flesh is vulnerable to fire.
You are immune to poison.
Your flesh is cold resistant.
You are immune to negative energy.
You are immune to unholy pain and torment.
You can survive without breathing.


Message History

The slave seems less confused.
The slave hits you but does no damage.
The slave is engulfed in noxious fumes.
Your ring mail prevents you from hitting Pikel.
Pikel is almost dead.
The slave barely misses you. The slave hits you.
You hit Pikel but do no damage.
Pikel is almost dead.
Pikel seems less confused.
The slave hits you but does no damage. Pikel hits you but does no damage.
The slave hits you. The slave barely misses you.
You barely miss Pikel.
Pikel is almost dead.
Pikel closely misses you. The slave hits you.
* * * LOW HITPOINT WARNING * * *
The slave hits you.
* * * LOW HITPOINT WARNING * * *
The slave hits the slave!
Pikel hits you with a whip of flaming!
* * * LOW HITPOINT WARNING * * *
Pikel burns you.
You die...

####.##.## .....
#.##..######.....
#......^...o...# #.........o##..#
#.........###...
######............#.##
#....p..###..###.....#
#<...p..##.......###..
#.†)p@..##.##..#......
#....K.....###...####.
#....%.........### ##
############.........####..### #
#.............!......# ##...###.
#.##########.......#.#######.....
#.........§............§K..###..#
#..≈≈≈≈≈.§≈≈≈§§§≈≈≈≈.≈§§§§.####.#
#..≈###≈.≈###§.§###≈.≈###≈[......


You could see Pikel and 3 slaves.

Vanquished Creatures
  A slave (D:6)
  A giant frog (D:4)
  A howler monkey (D:3)
  2 crimson imps (D:6)
  A hound (D:3)
  An orc priest (D:6)
  An orc wizard (D:6)
  Ijyb (D:2)
  2 worker ants
  2 gnolls
  7 adders
  An ooze (D:3)
  An adder skeleton (D:4)
  An adder zombie (D:3)
  A worm (D:4)
  3 giant geckos
  5 orcs
  A ball python (D:1)
  11 bats
  5 giant cockroaches
  12 goblins
  10 hobgoblins
  2 quokkas (D:4)
  A giant gecko skeleton (D:5)
  A giant newt (D:4)
  A jackal skeleton (D:4)
  4 kobolds
  A quokka zombie (D:6)
  9 rats
90 creatures vanquished.

Vanquished Creatures (collateral kills)
  A giant frog (D:4)
  2 gnolls (D:3)
  A worm (D:3)
  An orc (D:3)
5 creatures vanquished.

Grand Total: 95 creatures vanquished

Notes
Turn   | Place    | Note
--------------------------------------------------------------
     0 | D:1      | fanaticazov the Mummy Wizard began the quest for the Orb.
     0 | D:1      | Reached XP level 1. HP: 13/13 MP: 4/4
   113 | D:1      | Reached skill level 1 in Conjurations
   692 | D:1      | Reached XP level 2. HP: 19/19 MP: 4/6
   696 | D:1      | Learned a level 2 spell: Blink
   735 | D:1      | Learned a level 2 spell: Call Imp
  1414 | D:2      | Found an oddly glowing altar of Pakellas.
  1573 | D:2      | Reached XP level 3. HP: 17/24 MP: 5/7
  1589 | D:2      | Learned a level 3 spell: Mephitic Cloud
  1867 | D:2      | Noticed Ijyb
  1903 | D:2      | Killed Ijyb
  1903 | D:2      | Reached skill level 1 in Air Magic
  1903 | D:2      | Reached skill level 1 in Poison Magic
  1903 | D:2      | Reached XP level 4. HP: 21/30 MP: 2/8
  2742 | D:3      | Noticed Typee's ghost (weakling DrTm)
  3413 | D:4      | Reached XP level 5. HP: 19/35 MP: 9/9
  3677 | D:4      | Noticed an ogre
  3955 | D:3      | Noticed Sigmund
  5842 | D:4      | Reached XP level 6. HP: 34/41 MP: 11/11
  5861 | D:4      | Noticed Typee's ghost (amateur DrTm)
  7065 | D:5      | Entered Level 5 of the Dungeon
  7230 | D:5      | Reached skill level 4 in Spellcasting
  7917 | D:6      | Noticed a slave
  7922 | D:6      | Noticed Pikel
  8289 | D:6      | Reached XP level 7. HP: 43/46 MP: 9/13
  8369 | D:6      | Found a shimmering altar of Xom.
  8448 | D:6      | HP: 1/46 [Pikel/whip of flaming (7)]
  8448 | D:6      | Slain by Pikel

Skill      XL: |  1  2  3  4  5  6 |
---------------+-------------------+-----
Conjurations   | 1 2 |  2.7
Air Magic      | 1 2 3 |  3.0
Poison Magic   | 1 2 3 |  3.0
Spellcasting   | 4 |  4.4
Dodging        | |  1.5
Stealth        | |  1.5
Summonings     | |  0.7
Translocations | |  0.7

Action                   |  1- 3 |  4- 6 |  7- 9 || total
-------------------------+-------+-------+-------++-------
Melee: Unarmed           |    35 |       |       ||    35
       Rapier            |    63 |   148 |       ||   211
       Halberd           |       |    16 |       ||    16
       Flail             |       |    36 |    15 ||    51
 Fire: Hunting sling     |    28 |   190 |       ||   218
Throw: Stone             |     2 |       |       ||     2
 Cast: Magic Dart        |    37 |    21 |       ||    58
       Call Imp          |       |    13 |       ||    13
       Mephitic Cloud    |       |     1 |     5 ||     6
  Use: Scroll            |       |    10 |       ||    10
 Stab: Confused          |       |       |     3 ||     3
Armor: Robe              |     3 |       |       ||     3
       Leather armour    |     8 |       |       ||     8
       Ring mail         |    45 |   167 |     9 ||   221
Dodge: Dodged            |    64 |   210 |    17 ||   291
